 Dungeon Crawl Stone Soup version 0.18.1-48-g4cf74bf (webtiles) character file.

15274 mxf the Slicer (level 11, -1/56 HPs)
             Began as a Spriggan Enchanter on July 30, 2016.
             Was a Priest of Nemelex Xobeh.
             Slain by a deep elf mage
             ... wielding a +0 long sword
              (6 damage)
             ... on level 12 of the Dungeon on July 31, 2016.
             The game lasted 03:47:56 (15347 turns).

mxf the Slicer (Spriggan Enchanter)                Turns: 15347, Time: 03:47:57

Health: -1/56      AC:  9    Str:  7    XL:     11   Next: 99%
Magic:  22/22      EV: 28    Int: 17    God:    Nemelex Xobeh [***...]
Gold:   627        SH:  0    Dex: 17    Spells: 2 memorised, 19 levels left

rFire  . . .     SeeInvis +     f - +4 dagger (protect)
rCold  + . .     Gourm    .     b - +2 robe
rNeg   . . .     Faith    .     (shield restricted)
rPois  .         Spirit   .     (helmet restricted)
rElec  .         Dismiss  .     (no cloak)
rCorr  .         Reflect  .     (gloves unavailable)
SustAt .         Harm     .     (boots unavailable)
MR     +....                    (no amulet)
Stlth  ++++++....               (no ring)
                                S - ring of protection from cold

@: about to teleport, very quick, somewhat resistant to hostile enchantments,
very stealthy
A: unfitting armour, see invisible, herbivore 3, speed 3, slow metabolism 2
a: Triple Draw, Renounce Religion


You were on level 12 of the Dungeon.
You worshipped Nemelex Xobeh.
Nemelex Xobeh was most pleased with you.
You were not hungry.

You visited 3 branches of the dungeon, and saw 14 of its levels.

You collected 778 gold pieces.
You spent 151 gold pieces at shops.

Inventory:

Hand Weapons
 a - a +1 dagger of protection
 f - a +4 dagger of protection (weapon)
 m - a +0 dagger
 o - a +1 spear of freezing
 q - a +1 dagger
 u - a +3 spear
 x - a cursed +0 rapier
 y - a +0 blowgun
 I - a +2 dagger of draining
 J - a +0 dagger
 Q - a +1 dagger of venom
Missiles
 B - 6 poisoned needles
Armour
 b - a +2 robe (worn)
 j - a +0 robe
 P - a +0 robe
Jewellery
 s - an uncursed amulet of harm
 S - a ring of protection from cold (left hand)
 U - the amulet "Lubaos" {Fragile rPois rF+++ Regen+ Int-5}
   (You took it off an orc on level 11 of the Dungeon)

   [amulet of regeneration]

   It affects your intelligence (-5).
   It renders you almost immune to fire.
   It protects you from poison.
   It increases your rate of regeneration.
   It will be destroyed if unequipped.
Wands
 h - a wand of disintegration (2/24)
 w - a wand of flame (13/48)
 F - a wand of slowing (42/48)
 L - a wand of paralysis (12/24)
 V - a wand of iceblast (8/15)
Scrolls
 e - 6 scrolls of remove curse
 g - 2 scrolls of random uselessness
 n - 4 scrolls of teleportation
 p - a scroll of enchant armour
 v - a scroll of summoning {unknown}
 C - 2 scrolls of immolation
Potions
 l - 2 potions of degeneration
 t - a potion of berserk rage {unknown}
 z - a potion of resistance
 A - 2 potions of lignification
 E - a potion of flight {unknown}
 K - a potion of mutation {unknown}
 M - a potion of invisibility {unknown}
Books
 c - a book of Maledictions

   Spells                             Type                      Level
   a - Corona                         Hexes                        1
   b - Ensorcelled Hibernation        Hexes/Ice                    2
   c - Confuse                        Hexes                        3
   d - Tukima's Dance                 Hexes                        3
   e - Dazzling Spray                 Conjuration/Hexes            3
 i - a book of Alchemy

   Spells                             Type                      Level
   a - Sublimation of Blood           Necromancy                   2
   b - Ignite Poison                  Fire/Transmutation/Poison    3
   c - Petrify                        Transmutation/Earth          4
   d - Alistair's Intoxication        Transmutation/Poison         5
   e - Irradiate                      Conjuration/Transmutation    5
 T - a book of Transfigurations

   Spells                             Type                      Level
   a - Irradiate                      Conjuration/Transmutation    5
   b - Statue Form                    Transmutation/Earth          6
   c - Hydra Form                     Transmutation                6
   d - Dragon Form                    Transmutation                7
Miscellaneous
 r - a plain deck of war {drawn: 3}
 H - a lamp of fire
 N - a plain deck of destruction {drawn: 2}
 O - a stone of tremors
 R - a legendary deck of destruction
Comestibles
 d - 8 bread rations


   Skills:
 - Level 6.0 Fighting
 - Level 12.9 Short Blades
 + Level 12.5 Dodging
 + Level 12.6 Stealth
 - Level 7.1 Spellcasting
 - Level 6.4 Hexes
 - Level 2.9 Ice Magic
 + Level 4.0 Evocations


You had 19 spell levels left.
You knew the following spells:

 Your Spells              Type           Power        Failure   Level  Hunger
b - Ensorcelled Hibernat  Hex/Ice        ###...       2%          2    None
c - Confuse               Hex            ####....     2%          3    ##.....


Dungeon Overview and Level Annotations

Branches:
Dungeon (12/15)            Temple (1/1) D:4            Lair (1/8) D:11
    Orc (0/2) D:9

Altars:
Ashenzari
Cheibriados
Dithmenos
Elyvilon
Fedhas
Gozag
Kikubaaqudgha
Makhleb
Nemelex Xobeh
Okawaru
Pakellas
Qazlal
Ru
Sif Muna
Trog
Vehumet
Xom
Yredelemnul
Zin
The Shining One

Shops:
D:6 [%(*%   D:7 %


Innate Abilities, Weirdness & Mutations

You are tiny and cannot use many weapons and most armour.
You have supernaturally acute eyesight.
You are a herbivore.
You cover ground extremely quickly.
You need consume almost no food.


Message History

You have drawn Vitriol.
Press: ? - help, Shift-Dir - straight line, f - deep elf mage
Aim: a deep elf mage, wielding a long sword The acid hits the deep elf mage.
The deep elf mage is heavily wounded.
The deep elf mage casts a spell at you. The bolt of magma hits you!
The cyclops throws a large rock.
The large rock hits you!!!
Ouch! That really hurt!
* * * LOW HITPOINT WARNING * * *
Welcome back, mxf the Spriggan Enchanter.
Nemelex Xobeh says: It's all in the cards!
Press ? for a list of commands and other information.
That item cannot be evoked!
There isn't anything to butcher here.
As you read the scroll of teleportation, it crumbles to dust.
You feel strangely unstable.
The deep elf mage hits you with a long sword.
You die...
Your body disappears without a glow.

#############
###......>....# #########
.##..........)# #.......#
.##...........# #.......#
.##.....<.....# #.......#
.#............###e......#
).............'(@.......#
..#...........###.......#
.##.........^.# #...C...#
.##...........# #.......#
###...........# #.......#
#...........# ######'##
#########+### #..# ##.#
#E#


You could see a cyclops and a deep elf mage.

Vanquished Creatures
  Snorg (D:12)
  A hydra (D:11)
  The ghost of rastmirit the Blocker, a novice GrFi of Qazlal (D:10)
  A hill giant (D:11)
  2 ugly things (D:10)
  3 trolls
  2 two-headed ogres
  Sigmund (D:5)
  6 yaks (D:11)
  A wraith (D:10)
  A vampire (D:12)
  A wyvern (D:10)
  3 hippogriffs
  4 vampire mosquitoes (D:12)
  3 hungry ghosts
  Menkaure (D:5)
  Edmund (D:4)
  A water moccasin (D:9)
  4 ice beasts
  A wasp (D:8)
  2 sky beasts (D:6)
  A necrophage (D:9)
  5 orc warriors
  2 phantoms
  7 ogres
  6 centaurs
  4 big kobolds
  A giant frog (D:11)
  A wyvern skeleton (D:9)
  11 killer bees
  4 wights (D:8)
  8 howler monkeys
  4 giant frog zombies
  A crimson imp (D:11)
  7 jellies
  3 hounds
  4 orc priests
  16 orc wizards
  A centaur skeleton (D:11)
  A giant frog skeleton (D:6)
  Ijyb (D:2)
  Jessica (D:2)
  Natasha (thrice) (D:3)
  3 iguanas
  12 worker ants
  3 sheep
  2 hound zombies
  A howler monkey skeleton (D:8)
  A worker ant zombie (D:9)
  14 adders
  2 river rats (D:11)
  2 shadow imps
  An ooze (D:11)
  An adder zombie (D:7)
  2 adder skeletons
  4 worms
  5 dart slugs
  4 giant geckos
  41 orcs
  9 bats
  7 giant cockroaches
  16 goblins
  7 hobgoblins
  11 jackals
  3 quokkas
  3 ball pythons
  3 giant newts
  5 kobolds
  10 rats
305 creatures vanquished.

Vanquished Creatures (collateral kills)
  A two-headed ogre (D:12)
  An orc priest (D:12)
  2 orc wizards
  4 orcs
8 creatures vanquished.

Vanquished Creatures (others)
  2 plants (D:11)
2 creatures vanquished.

Grand Total: 315 creatures vanquished

Notes
Turn   | Place    | Note
--------------------------------------------------------------
     0 | D:1      | mxf the Spriggan Enchanter began the quest for the Orb.
     0 | D:1      | Reached XP level 1. HP: 9/9 MP: 5/5
   114 | D:1      | Reached XP level 2. HP: 6/13 MP: 6/6
   118 | D:1      | Learned a level 2 spell: Ensorcelled Hibernation
   830 | D:1      | Reached XP level 3. HP: 16/16 MP: 5/8
   943 | D:1      | Reached skill level 5 in Stealth
  1318 | D:2      | Noticed Jessica
  1321 | D:2      | Killed Jessica
  1971 | D:2      | Reached XP level 4. HP: 21/21 MP: 2/9
  2309 | D:2      | Noticed Ijyb
  2626 | D:3      | Found a shattered altar of Ashenzari.
  2660 | D:3      | Reached XP level 5. HP: 24/24 MP: 8/11
  2704 | D:3      | Noticed Natasha
  2713 | D:3      | Killed Natasha
  2744 | D:3      | Noticed Natasha
  2973 | D:2      | Killed Ijyb
  2973 | D:2      | Reached skill level 1 in Ice Magic
  3079 | D:3      | Killed Natasha
  3101 | D:3      | Noticed Natasha
  3266 | D:3      | Learned a level 3 spell: Confuse
  3472 | D:3      | Killed Natasha
  3472 | D:3      | Reached XP level 6. HP: 24/28 MP: 8/13
  3669 | D:4      | Reached skill level 5 in Hexes
  3776 | D:4      | Noticed Edmund
  3781 | D:4      | Killed Edmund
  3812 | D:4      | Reached XP level 7. HP: 32/32 MP: 9/15
  3896 | D:4      | Found a staircase to the Ecumenical Temple.
  3904 | Temple   | Entered the Ecumenical Temple
  4060 | Temple   | Became a worshipper of Nemelex Xobeh the Trickster
  4091 | D:4      | Received a gift from Nemelex Xobeh
  4947 | D:4      | Reached skill level 5 in Spellcasting
  5363 | D:5      | Entered Level 5 of the Dungeon
  5363 | D:5      | Noticed Menkaure
  5365 | D:5      | Killed Menkaure
  5534 | D:5      | Noticed Sigmund
  5542 | D:5      | Killed Sigmund
  5618 | D:5      | Reached * piety under Nemelex Xobeh
  5699 | D:5      | Reached XP level 8. HP: 37/37 MP: 17/17
  5830 | D:5      | Reached skill level 10 in Stealth
  5912 | D:5      | Received a gift from Nemelex Xobeh
  5939 | D:5      | Found a basalt altar of Yredelemnul.
  5942 | D:5      | Found a glowing golden altar of the Shining One.
  5944 | D:5      | Noticed an angel
  5974 | D:5      | Noticed a profane servitor
  6104 | D:6      | Found Gufra's Food Shoppe.
  6115 | D:6      | Found Zufayri's Assorted Antiques.
  6265 | D:6      | Reached skill level 5 in Dodging
  6285 | D:6      | Reached skill level 1 in Evocations
  6553 | D:6      | Found Vutode Largh's Food Shop.
  6564 | D:6      | Found Boir's Armour Emporium.
  6744 | D:6      | Found Asongeo's Weapon Shop.
  6979 | D:6      | Bought a metallic puce potion for 19 gold pieces
  6979 | D:6      | Bought a potion of curing for 66 gold pieces
  6979 | D:6      | Bought a scroll labeled PEFECZ JARCHI for 22 gold pieces
  7035 | D:7      | Found an ancient bone altar of Kikubaaqudgha.
  7035 | D:7      | Found a burning altar of Makhleb.
  7153 | D:7      | Found Bumov's Food Shop.
  7160 | D:7      | Reached ** piety under Nemelex Xobeh
  7181 | D:7      | Reached XP level 9. HP: 40/40 MP: 13/20
  7413 | D:7      | Found a glowing silver altar of Zin.
  7413 | D:7      | Found a bloodstained altar of Trog.
  7422 | D:7      | Found an oddly glowing altar of Pakellas.
  7591 | D:7      | Reached XP level 10. HP: 18/44 MP: 14/21
  7967 | D:7      | Reached skill level 1 in Fighting
  8006 | D:7      | Received a gift from Nemelex Xobeh
  8626 | D:8      | Received a gift from Nemelex Xobeh
  9748 | D:9      | Noticed a white ugly thing
 10243 | D:9      | Found a staircase to the Orcish Mines.
 10744 | D:9      | Received a gift from Nemelex Xobeh
 10878 | D:10     | Entered Level 10 of the Dungeon
 11039 | D:6      | Bought a scroll of identify for 44 gold pieces
 11215 | D:10     | Noticed rastmirit's ghost (novice GrFi)
 11234 | D:10     | Killed rastmirit's ghost
 11234 | D:10     | Reached XP level 11. HP: 32/53 MP: 16/22
 11481 | D:10     | Reached *** piety under Nemelex Xobeh
 11787 | D:10     | Received a gift from Nemelex Xobeh
 12140 | D:11     | Reached skill level 10 in Dodging
 12809 | D:11     | Noticed a three-headed hydra
 12950 | D:10     | Reached skill level 5 in Fighting
 13063 | D:11     | Killed a three-headed hydra
 13577 | D:11     | Found a staircase to the Lair.
 13592 | Lair:1   | Entered Level 1 of the Lair of Beasts
 13592 | Lair:1   | Received a gift from Nemelex Xobeh
 13693 | D:11     | Noticed a purple ugly thing
 13709 | D:11     | Got a glittering platinum amulet
 13720 | D:10     | Identified the amulet "Lubaos" {Fragile rPois rF+++ Regen+ Int-5} (You took it off an orc on level 11 of the Dungeon)
 13858 | D:10     | Killed a purple ugly thing
 14058 | D:11     | Noticed a red ugly thing
 14064 | D:10     | Killed a red ugly thing
 14418 | D:11     | Noticed a hill giant
 14436 | D:11     | Killed a hill giant
 14759 | D:12     | Noticed Snorg
 14766 | D:12     | Killed Snorg
 15117 | D:12     | Noticed a deep elf mage
 15347 | D:12     | Slain by a deep elf mage

Skill      XL: |  1  2  3  4  5  6  7  8  9 10 11 |
---------------+----------------------------------+-----
Spellcasting   | 3 4 5 7 |  7.1
Hexes          | 4 5 6 |  6.4
Stealth        | 5 6 8 9 11 12 | 12.6
Dodging        | 4 5 9 12 | 12.5
Ice Magic      | 1 2 |  2.9
Short Blades   | 2 12 | 12.9
Evocations     | 1 4 |  4.0
Fighting       | 4 6 |  6.0

Action                   |  1- 3 |  4- 6 |  7- 9 | 10-12 || total
-------------------------+-------+-------+-------+-------++-------
Melee: Dagger            |   111 |   113 |   154 |   744 ||  1122
 Cast: Ensorcelled Hiber |    23 |    48 |    44 |   105 ||   220
       Confuse           |       |       |    12 |    39 ||    51
Evoke: Deck              |       |       |    15 |    20 ||    35
       Wand              |       |       |     4 |    13 ||    17
  Use: Scroll            |       |       |     9 |    15 ||    24
       Potion            |       |       |    11 |    11 ||    22
 Stab: Sleeping          |    16 |    48 |    37 |    71 ||   172
       Distracted        |     1 |     1 |     1 |     9 ||    12
       Confused          |       |       |     3 |    23 ||    26
  Eat: Bread ration      |       |     1 |     1 |       ||     2
       Pizza             |       |     1 |     1 |     3 ||     5
       Royal jelly       |       |       |       |     1 ||     1
Armor: Robe              |    14 |    15 |    13 |    78 ||   120
       Skin              |       |       |     2 |     6 ||     8
Dodge: Dodged            |   107 |   124 |   114 |   527 ||   872
